SNL (28 & UNDER)
MONTGOMERY BISCUITS @ BLACKIRON DRAGONS
08/05/2030
 
TOP OF THE 1ST
Montgomery Biscuits batting - Pitching for BlackIron Dragons : RHP Juan Carlos Guerrero
Pitching: RHP Juan Carlos Guerrero
Batting: RHB Dave Sawyer 0-0: Called Strike
0-1: Swinging Strike
0-2: Foul Ball, location: 2F
0-2: Ball
1-2: Ground out 5-3 (Groundball, 56)
Batting: LHB Marcos Féliz 0-0: Swinging Strike
0-1: Ball
1-1: Ball
2-1: Ball
3-1: Base on Balls
Batting: LHB Francisco Romo 0-0: Called Strike
Marcos Féliz is caught stealing 2nd base
0-1: Called Strike
0-2: Fly out, F7 (Flyball, 7S)
Top of the 1st over - 0 runs, 0 hits, 0 errors, 0 left on base; Montgomery 0 - BlackIron 0
BOTTOM OF THE 1ST
BlackIron Dragons batting - Pitching for Montgomery Biscuits : LHP Raúl Coranillo
Pitching: LHP Raúl Coranillo
Batting: RHB Joaquín Valenzuela 0-0: Called Strike
0-1: Ball
1-1: Called Strike
1-2: Ball
2-2: Foul Ball, location: 2F
2-2: Ball
3-2: Ground out 4-3 (Groundball, 4)
Batting: RHB Mel Wells 0-0: Ground out 4-3 (Groundball, 34)
Batting: RHB Doug O'Brien 0-0: SINGLE (Line Drive, 9S)
Batting: RHB Millard Long 0-0: Ball
1-0: Called Strike
1-1: Foul Ball, location: 2F
1-2: Foul Ball, location: 2F
1-2: Ball
2-2: Ball
3-2: SINGLE (Groundball, 6M) (infield hit)
Doug O'Brien to second
Batting: RHB Iván Granados 0-0: SINGLE (Groundball, 4MD)
Doug O'Brien to third
Millard Long to second
Runner from 3rd tries for Home, SAFE, no throw
Batting: LHB José Martínez 0-0: Foul Ball, location: 2F
0-1: Swinging Strike
0-2: Ball
1-2: Strikes out swinging
Bottom of the 1st over - 1 run, 3 hits, 0 errors, 2 left on base; Montgomery 0 - BlackIron 1
TOP OF THE 2ND
Montgomery Biscuits batting - Pitching for BlackIron Dragons : RHP Juan Carlos Guerrero
Batting: SHB Lawrence Farley 0-0: Called Strike
0-1: Called Strike
0-2: Foul Ball, location: 2F
0-2: Foul Ball, location: 2F
0-2: Ground out 3-1 (Groundball, 34S)
Batting: SHB Joe Pierce 0-0: Called Strike
0-1: Ground out 4-3 (Groundball, 4)
Batting: RHB Roy Powell 0-0: Ball
1-0: Called Strike
1-1: Swinging Strike
1-2: Strikes out looking
Top of the 2nd over - 0 runs, 0 hits, 0 errors, 0 left on base; Montgomery 0 - BlackIron 1
BOTTOM OF THE 2ND
BlackIron Dragons batting - Pitching for Montgomery Biscuits : LHP Raúl Coranillo
Batting: RHB Júlio Rodríguez 0-0: Ball
1-0: Reached on error, E5 (Groundball, 56)
Batting: RHB Randall Walker 0-0: Called Strike
0-1: Fly out, F5 (Line Drive, 5)
Batting: RHB Jake Erickson 0-0: Foul Ball, location: 2F
0-1: Hit by Pitch
Júlio Rodríguez to second
Batting: RHB Joaquín Valenzuela 0-0: Called Strike
0-1: Ball
1-1: Foul Ball, location: 2F
1-2: Foul Ball, location: 2F
1-2: Foul Ball, location: 2F
1-2: Ball
2-2: Fly out, F7 (Flyball, 78D)
Batting: RHB Mel Wells 0-0: Ball
1-0: Ball
2-0: Called Strike
2-1: Foul Ball, location: 2F
2-2: Ball
3-2: Foul Ball, location: 2F
3-2: Foul Ball, location: 2F
3-2: Foul Ball, location: 2F
3-2: Ground out 6-3 (Groundball, 6)
Bottom of the 2nd over - 0 runs, 0 hits, 1 error, 2 left on base; Montgomery 0 - BlackIron 1
TOP OF THE 3RD
Montgomery Biscuits batting - Pitching for BlackIron Dragons : RHP Juan Carlos Guerrero
Batting: LHB José Castillo 0-0: Swinging Strike
0-1: Swinging Strike
0-2: Fly out, F7 (Line Drive, 7)
Batting: RHB Kyle Vélez 0-0: Foul Ball, location: 2F
0-1: Foul Ball, location: 2F
0-2: Strikes out looking
Batting: RHB Greg Williams 0-0: SINGLE (Flyball, 9LS)
Batting: RHB Dave Sawyer 0-0: Foul Ball, location: 2F
0-1: Fly out, F8 (Flyball, 78M)
Top of the 3rd over - 0 runs, 1 hit, 0 errors, 1 left on base; Montgomery 0 - BlackIron 1
BOTTOM OF THE 3RD
BlackIron Dragons batting - Pitching for Montgomery Biscuits : LHP Raúl Coranillo
Batting: RHB Doug O'Brien 0-0: Ball
1-0: Foul Ball, location: 2F
1-1: Ball
2-1: Ball
3-1: SINGLE (Line Drive, 6M)
Batting: RHB Millard Long 0-0: Ball
1-0: Ball
2-0: Ball
3-0: Called Strike
3-1: Base on Balls
Doug O'Brien to second
Batting: RHB Iván Granados 0-0: Swinging Strike
0-1: Ball
1-1: Ball
2-1: 3-RUN HOME RUN (Flyball, 8RD), Distance : 423 ft
Batting: LHB José Martínez 0-0: Called Strike
0-1: Ground out 3-1 (Groundball, 34)
Batting: RHB Júlio Rodríguez 0-0: Ball
1-0: Ball
2-0: Ball
3-0: Base on Balls
Batting: RHB Randall Walker 0-0: Ball
1-0: Foul Ball, location: 2F
1-1: Grounds into double play, 6-4-3 (Groundball, 6)
Bottom of the 3rd over - 3 runs, 2 hits, 0 errors, 0 left on base; Montgomery 0 - BlackIron 4
TOP OF THE 4TH
Montgomery Biscuits batting - Pitching for BlackIron Dragons : RHP Juan Carlos Guerrero
Batting: LHB Marcos Féliz 0-0: Ground out 4-3 (Groundball, 4)
Batting: LHB Francisco Romo 0-0: Called Strike
0-1: Ball
1-1: Ball
2-1: Fly out, F5 (Popup, 5)
Batting: SHB Lawrence Farley 0-0: Called Strike
0-1: SINGLE (Groundball, 5D)
Batting: SHB Joe Pierce 0-0: Ball
1-0: Ball
2-0: Called Strike
2-1: Called Strike
2-2: Ball
3-2: Ground out U3 (Groundball, 3)
Top of the 4th over - 0 runs, 1 hit, 0 errors, 1 left on base; Montgomery 0 - BlackIron 4
BOTTOM OF THE 4TH
BlackIron Dragons batting - Pitching for Montgomery Biscuits : LHP Raúl Coranillo
Batting: RHB Jake Erickson 0-0: Called Strike
0-1: Ground out 5-3 (Groundball, 56S)
Batting: RHB Joaquín Valenzuela 0-0: Ball
1-0: Called Strike
1-1: SINGLE (Line Drive, 8RS)
Batting: RHB Mel Wells 0-0: Ball
1-0: Called Strike
1-1: Foul Ball, location: 2F
1-2: Ball
Wild Pitch!
Joaquín Valenzuela to second
2-2: Ground out 6-3 (Groundball, 6)
Batting: RHB Doug O'Brien 0-0: Intentional Walk
Batting: RHB Millard Long 0-0: Called Strike
0-1: DOUBLE (Groundball, 5L)
Joaquín Valenzuela scores
Doug O'Brien to third
Runner from 3rd tries for Home, SAFE, no throw
Batting: RHB Iván Granados 0-0: Called Strike
0-1: Foul Ball, location: 2F
0-2: Foul Ball, location: 2F
0-2: Ball
1-2: Ball
2-2: Fly out, F4 (Popup, 34S)
Bottom of the 4th over - 2 runs, 2 hits, 0 errors, 1 left on base; Montgomery 0 - BlackIron 6
TOP OF THE 5TH
Montgomery Biscuits batting - Pitching for BlackIron Dragons : RHP Juan Carlos Guerrero
Batting: RHB Roy Powell 0-0: Called Strike
0-1: Ball
1-1: Called Strike
1-2: Strikes out swinging
Batting: LHB José Castillo 0-0: Called Strike
0-1: Called Strike
0-2: Strikes out looking
Batting: RHB Kyle Vélez 0-0: Ball
1-0: Fly out, F7 (Flyball, 7S)
Top of the 5th over - 0 runs, 0 hits, 0 errors, 0 left on base; Montgomery 0 - BlackIron 6
BOTTOM OF THE 5TH
BlackIron Dragons batting - Pitching for Montgomery Biscuits : LHP Raúl Coranillo
Batting: LHB José Martínez 0-0: SOLO HOME RUN (Flyball, 9D), Distance : 415 ft
Batting: RHB Júlio Rodríguez 0-0: Ball
1-0: Foul Ball, location: 2F
1-1: Ball
2-1: Fly out, F7 (Flyball, 78S)
Batting: RHB Randall Walker 0-0: Ball
1-0: Ball
2-0: Called Strike
2-1: Ball
3-1: Called Strike
3-2: Strikes out looking
Batting: RHB Jake Erickson 0-0: Swinging Strike
0-1: Foul Ball, location: 2F
0-2: Strikes out looking
Bottom of the 5th over - 1 run, 1 hit, 0 errors, 0 left on base; Montgomery 0 - BlackIron 7
TOP OF THE 6TH
Montgomery Biscuits batting - Pitching for BlackIron Dragons : RHP Juan Carlos Guerrero
Batting: RHB Greg Williams 0-0: Ball
1-0: Ball
2-0: Ball
3-0: Called Strike
3-1: Foul Ball, location: 2F
3-2: Base on Balls
Batting: RHB Dave Sawyer 0-0: Ball
1-0: Swinging Strike
1-1: Ball
2-1: Ball
3-1: Swinging Strike
3-2: Foul Ball, location: 2F
3-2: Strikes out swinging
Batting: LHB Marcos Féliz 0-0: Ball
1-0: Ball
2-0: Grounds into double play, 6-4-3 (Groundball, 6)
Top of the 6th over - 0 runs, 0 hits, 0 errors, 0 left on base; Montgomery 0 - BlackIron 7
BOTTOM OF THE 6TH
BlackIron Dragons batting - Pitching for Montgomery Biscuits : LHP Raúl Coranillo
Batting: RHB Joaquín Valenzuela 0-0: Ball
1-0: Called Strike
1-1: Ball
2-1: Foul Ball, location: 2F
2-2: Ball
3-2: Fly out, F8 (Flyball, 8RS)
Batting: RHB Mel Wells 0-0: Ball
1-0: Foul Ball, location: 2F
1-1: Ball
2-1: Swinging Strike
2-2: Strikes out swinging
Batting: RHB Doug O'Brien 0-0: Foul Ball, location: 2F
0-1: Called Strike
0-2: Fly out, F8 (Flyball, 8RM)
Bottom of the 6th over - 0 runs, 0 hits, 0 errors, 0 left on base; Montgomery 0 - BlackIron 7
TOP OF THE 7TH
Montgomery Biscuits batting - Pitching for BlackIron Dragons : RHP Juan Carlos Guerrero
Batting: LHB Francisco Romo 0-0: Ball
1-0: Ball
2-0: Foul Ball, location: 2F
2-1: Foul Ball, location: 2F
2-2: Fly out, F8 (Flyball, 89M)
Batting: SHB Lawrence Farley 0-0: Ball
1-0: Foul Ball, location: 2F
1-1: Ball
2-1: Ball
3-1: SINGLE (Line Drive, 3S)
Batting: SHB Joe Pierce 0-0: SINGLE (Flyball, 7LM)
Lawrence Farley to second
Batting: RHB Roy Powell 0-0: Ground out 5-3 (Groundball, 5S)
Lawrence Farley to third
Joe Pierce to second
Pitching: LHP Nick Walters
Batting: LHB José Castillo 0-0: Foul Ball, location: 2F
0-1: Ground out 4-3 (Groundball, 4D)
Top of the 7th over - 0 runs, 2 hits, 0 errors, 2 left on base; Montgomery 0 - BlackIron 7
BOTTOM OF THE 7TH
BlackIron Dragons batting - Pitching for Montgomery Biscuits : LHP Raúl Coranillo
Batting: RHB Millard Long 0-0: Called Strike
0-1: Ball
1-1: Ball
2-1: Fly out, F9 (Flyball, 9LS)
Batting: RHB Iván Granados 0-0: Ball
1-0: Ball
2-0: SINGLE (Flyball, 9LM)
Pitching: RHP Calvin Snyder
Batting: LHB José Martínez 0-0: Called Strike
0-1: Called Strike
0-2: Foul Ball, location: 2F
0-2: Ball
1-2: Strikes out swinging
Batting: RHB Júlio Rodríguez 0-0: Ball
1-0: Called Strike
1-1: Ball
2-1: Called Strike
2-2: Ball
Iván Granados steals 2nd base
3-2: Strikes out swinging
Bottom of the 7th over - 0 runs, 1 hit, 0 errors, 1 left on base; Montgomery 0 - BlackIron 7
TOP OF THE 8TH
Montgomery Biscuits batting - Pitching for BlackIron Dragons : LHP Nick Walters
Now at C: Luis Méndez
Now at 1B: Roderick Silva
Now in LF: Alexander Barr
Batting: RHB Kyle Vélez 0-0: Ball
1-0: Foul Ball, location: 2F
1-1: Ball
2-1: Ball
3-1: Base on Balls
Batting: RHB Greg Williams 0-0: Foul Ball, location: 2F
0-1: Ground out 3-1 (Groundball, 34S)
Kyle Vélez to second
Batting: RHB Dave Sawyer 0-0: Ball
1-0: Foul Ball, location: 2F
1-1: Foul Ball, location: 2F
1-2: Strikes out looking
Batting: LHB Marcos Féliz 0-0: Swinging Strike
0-1: Ball
1-1: Called Strike
1-2: Ball
2-2: Ball
3-2: Ground out 6-3 (Groundball, 6)
Top of the 8th over - 0 runs, 0 hits, 0 errors, 1 left on base; Montgomery 0 - BlackIron 7
BOTTOM OF THE 8TH
BlackIron Dragons batting - Pitching for Montgomery Biscuits : RHP Calvin Snyder
Batting: RHB Randall Walker 0-0: Foul Ball, location: 2F
0-1: Foul Ball, location: 2F
0-2: Ball
1-2: Ball
2-2: Strikes out looking
Batting: RHB Jake Erickson 0-0: DOUBLE (Flyball, 78XD)
Batting: RHB Joaquín Valenzuela 0-0: Called Strike
0-1: Ball
1-1: Ball
2-1: Ball
3-1: Foul Ball, location: 2F
3-2: Base on Balls
Batting: RHB Mel Wells 0-0: Grounds into double play, 4-6-3 (Groundball, 4)
Bottom of the 8th over - 0 runs, 1 hit, 0 errors, 1 left on base; Montgomery 0 - BlackIron 7
TOP OF THE 9TH
Montgomery Biscuits batting - Pitching for BlackIron Dragons : LHP Nick Walters
Now in CF: Miguel Barrón
Batting: LHB Francisco Romo 0-0: Called Strike
0-1: Fly out, F9 (Flyball, 9S)
Batting: SHB Lawrence Farley 0-0: DOUBLE (Flyball, 89D)
Batting: SHB Joe Pierce 0-0: Ball
1-0: Called Strike
1-1: Ground out 6-3 (Groundball, 6S)
Lawrence Farley to third
Batting: RHB Roy Powell 0-0: Ball
1-0: DOUBLE (Line Drive, 7LS)
Lawrence Farley scores
Batting: LHB José Castillo 0-0: Called Strike
0-1: Called Strike
0-2: Ball
1-2: Ground out 3-1 (Groundball, 34)
Top of the 9th over - 1 run, 2 hits, 0 errors, 1 left on base; Montgomery 1 - BlackIron 7
Saturday, April 7th, 2018 - OOTP Baseball 18.8 Build 76